 Dungeon Crawl Stone Soup version 0.21-a0-536-gdbbf329 (webtiles) character file.

1204 solxrula the Cudgeler (level 8, -2/78 HPs)
             Began as a Troll Berserker on Dec 15, 2017.
             Was a Priest of Trog.
             Killed by divine providence
             ... invoked by an orc priest
              (10 damage)
             ... on level 5 of the Dungeon.
             The game lasted 00:16:00 (4600 turns).

solxrula the Cudgeler (Troll Berserker)             Turns: 4600, Time: 00:16:01

Health: -2/78      AC:  5    Str: 25 (28) XL:     8   Next: 21%
Magic:  6/6        EV: 10    Int:  1 (3)  God:    Trog [***...]
Gold:   246        SH:  0    Dex:  7 (9)  Spells: 7/7 levels left

rFire    . . .     SeeInvis +   a - +1 mace
rCold    . . .     Gourm    +   (no shield)
rNeg     . . .     Faith    .   b - +0 animal skin
rPois    .         Spirit   .   (helmet restricted)
rElec    .         Reflect  .   (no cloak)
rCorr    .         Harm     .   (gloves unavailable)
MR       .....                  (boots unavailable)
Stlth    +.........             (no amulet)
HPRegen  0.63/turn              j - ring of see invisible
MPRegen  0.10/turn              (no ring)

@: lethally poisoned (-2 -> -4)
A: large, unfitting armour, claws 3, horns 1, fast metabolism 3, gourmand, low
mp 1, regeneration 1, shaggy fur 1, tough skin 2, wild magic 1
a: Berserk, Trog's Hand, Burn Spellbooks, Renounce Religion


You were on level 5 of the Dungeon.
You worshipped Trog.
Trog was most pleased with you.
You were very full.

You visited 1 branch of the dungeon, and saw 6 of its levels.

You collected 246 gold pieces.

Inventory:

Hand Weapons
 a - a +1 mace (weapon)
Missiles
 d - 124 stones (quivered)
Armour
 b - a +0 animal skin (worn)
Jewellery
 j - a ring of see invisible (left claw)
Wands
 l - a wand of clouds (3)
Scrolls
 g - a scroll of blinking
 h - 2 scrolls of remove curse
 i - 7 scrolls of identify
Potions
 e - a potion of magic
 k - 2 potions of curing
Comestibles
 c - 3 bread rations
 f - a royal jelly
 m - a meat ration


   Skills:
 + Level 4.2 Fighting
 * Level 7.4 Maces & Flails
 + Level 2.4 Throwing
 + Level 3.6 Dodging
 + Level 0.4 Stealth


You had 7 spell levels left.
You didn't know any spells.

Dungeon Overview and Level Annotations

Branches:
Dungeon (6/15)             Temple (0/1) D:5

Altars:

Annotations:
D:6 Eustachio


Innate Abilities, Weirdness & Mutations

You are too large for most types of armour.
You have claws for hands.
Your metabolism is lightning-fast.
You like to eat raw meat.
Your natural rate of healing is unusually fast.
You are covered in fur. (AC +1)
You have very tough skin. (AC +2)
You have a pair of small horns on your head.
Your magical capacity is low. (-10% MP)
Your spells are a little harder to cast, but a little more powerful.


Message History

The worker ant bites you but does no damage.
The orc priest hits you but does no damage.
You closely miss the orc priest.
You headbutt the orc priest, but do no damage.
The orc priest is moderately wounded.
The worker ant bites you but does no damage.
The orc priest completely misses you.
You hit the orc priest.
The orc priest is severely wounded.
You feel sick. The worker ant bites you.
* * * LOW HITPOINT WARNING * * *
You are more poisoned.
The worker ant poisons you! The worker ant bites you.
* * * LOW HITPOINT WARNING * * *
You closely miss the orc priest. Your headbutt misses the orc priest.
The orc priest is severely wounded.
You feel sick.
The orc priest mumbles some strange prayers to Beogh against you.
Beogh smites you!
You die...

#.# #..## #..# ###.. ### #.#
##..# ##..### ##. #.###.## #..##
##.....## ##. ##.##..#
##..###.......####.. #.....#
#.........##..#....
#.....########........####....#.
##.###......##.....)..## ##.###.
#.###..........a.)....# #.# #.
#.# #...........@o....# #<# #.
#####.#...............### #.###.
#.##.................####..##.
#.##.......................#..
####...............##.........
###.................###.......
#...................##...####.
##......................## #.
##....................<## ##.


You could see a worker ant and an orc priest.

Vanquished Creatures
  Prince Ribbit (D:5)
  A sky beast (D:5)
  An ogre (D:5)
  A centaur (D:5)
  A scorpion (D:5)
  A crimson imp (D:3)
  A centaur zombie (D:5)
  2 bullfrog zombies (D:5)
  2 hounds
  An orc priest (D:4)
  A centaur skeleton (D:5)
  2 bullfrog skeletons
  An iguana (D:4)
  3 orc wizards
  2 worker ants
  A hound skeleton (D:4)
  A worker ant zombie (D:5)
  3 gnolls (D:5)
  8 adders
  2 shadow imps (D:5)
  3 oozes
  2 worms
  A dart slug (D:3)
  6 leopard geckos
  16 orcs
  3 giant cockroaches
  4 goblins
  4 hobgoblins
  4 jackals
  9 kobolds
  3 quokkas
  A ball python (D:2)
  5 bats
  4 frilled lizards
  6 rats
107 creatures vanquished.

Notes
Turn   | Place    | Note
-------+----------+-------------------------------------------
     0 | D:1      | solxrula the Troll Berserker began the quest for the Orb.
     0 | D:1      | Reached XP level 1. HP: 22/22 MP: 0/0
    54 | D:1      | Reached skill level 3 in Maces & Flails
    54 | D:1      | Reached XP level 2. HP: 29/29 MP: 1/1
   532 | D:1      | Reached XP level 3. HP: 36/36 MP: 2/2
  1006 | D:2      | Reached ** piety under Trog
  1457 | D:3      | Reached XP level 4. HP: 39/44 MP: 3/3
  1601 | D:3      | Reached skill level 4 in Maces & Flails
  1669 | D:3      | Reached skill level 1 in Throwing
  1880 | D:3      | Reached XP level 5. HP: 53/53 MP: 4/4
  2290 | D:4      | Reached XP level 6. HP: 36/61 MP: 5/5
  2811 | D:4      | Reached *** piety under Trog
  3134 | D:4      | Gained mutation: Your magical capacity is low. (-10% MP) [potion of mutation]
  3134 | D:4      | Gained mutation: You have a pair of small horns on your head. [potion of mutation]
  3134 | D:4      | Gained mutation: Your spells are a little harder to cast, but a little more powerful. [potion of mutation]
  3195 | D:5      | Entered Level 5 of the Dungeon
  3215 | D:5      | Reached skill level 5 in Maces & Flails
  3499 | D:5      | Reached XP level 7. HP: 61/67 MP: 5/5
  3509 | D:5      | Found a staircase to the Ecumenical Temple.
  3643 | D:5      | Noticed Prince Ribbit
  3656 | D:5      | Killed Prince Ribbit
  3656 | D:5      | Reached skill level 6 in Maces & Flails
  3860 | D:5      | Reached skill level 7 in Maces & Flails
  3860 | D:5      | Reached XP level 8. HP: 43/78 MP: 6/6
  4575 | D:6      | Noticed Eustachio
  4600 | D:5      | Killed from afar by an orc priest

Vault maps used:
D:1:      erik_arrival_gehennom
D:3:      first_bread, hangedman_feature_mirror
D:5:      minmay_temple_entry_purple_smoke, kennysheep_cross_room,
          uniq_prince_ribbit1
D:6:      kennysheep_mini, uniq_blork_the_orc, uniq_crazy_yiuf_cottage,
          uniq_eustachio

Skill      XL: |  1  2  3  4  5  6  7 |
---------------+----------------------+-----
Maces & Flails | 3 4 5 7 |  7.4
Fighting       | 3 4 |  4.2
Throwing       | 1 2 |  2.4
Dodging        | 3 |  3.6
Stealth        | |  0.4

Action                   |  1- 3 |  4- 6 |  7- 9 || total
-------------------------+-------+-------+-------++-------
Melee: Mace              |   133 |   210 |   107 ||   450
       Headbutt          |       |     7 |    22 ||    29
Throw: Stone             |    32 |    59 |    17 ||   108
Invok: Berserk           |       |       |     2 ||     2
  Use: Potion            |     5 |     3 |     1 ||     9
       Scroll            |     5 |     1 |     1 ||     7
  Eat: Chunk             |    18 |    19 |    13 ||    50
Armor: Animal skin       |    72 |    54 |    21 ||   147
Dodge: Dodged            |   100 |    99 |    63 ||   262

Table legend:
 A = Spawn XP
 B = Non-spawn XP
 C = Spawn XP percentage of total XP
 D = Spawn monster count
 E = Non-spawn monster count
 F = Spawn count percentage of total count
 G = Total turns spent on level
                    A         B        C        D         E        F      G
               +---------+---------+-------+---------+---------+-------+---------
         Total |       0 |    1721 |   0.0 |       0 |     107 |   0.0 |  4600
               +---------+---------+-------+---------+---------+-------+---------
           D:1 |       0 |      41 |   0.0 |       0 |      15 |   0.0 |   731
           D:2 |       0 |      55 |   0.0 |       0 |      19 |   0.0 |   713
           D:3 |       0 |     168 |   0.0 |       0 |      22 |   0.0 |   717
           D:4 |       0 |     269 |   0.0 |       0 |      20 |   0.0 |  1034
           D:5 |       0 |    1188 |   0.0 |       0 |      31 |   0.0 |  1394
               +---------+---------+-------+---------+---------+-------+---------
